 Dungeon Crawl Stone Soup version 0.31-a0-185-g9dded2c639 (webtiles) character file.

Game seed: 5537685863659448183

15 qw the Shooter (level 2, 0/16 HPs)
             Began as a Deep Elf Hunter on June 22, 2023.
             Slain by a rat (2 damage)
             ... on level 2 of the Dungeon.
             The game lasted 00:00:07 (341 turns).

qw the Shooter (Deep Elf Hunter)                     Turns: 341, Time: 00:00:08

Health: 0/16       AC:  3    Str:  8    XL:     2   Next: 34%
Magic:  4/4        EV: 12    Int: 13    God:
Gold:   82         SH:  0    Dex: 18    Spells: 1/1 levels left

rFire   . . .        Y - +0 shortbow
rCold   . . .        (shield currently unavailable)
rNeg    . . .        c - +0 leather armour
rPois   .            (no helmet)
rElec   .            (no cloak)
rCorr   .            (no gloves)
SInv    .            (no boots)
Will    .....        (no amulet)
Stlth   ++           (no ring)
HPRegen 0.22/turn    (no ring)
MPRegen 0.09/turn

%: no passive effects
@: no status effects
A: no striking features
a: no special abilities


You were on level 2 of the Dungeon.
You visited 1 branch of the dungeon, and saw 2 of its levels.

You collected 82 gold pieces.


   Skills:
 - Level 1.5 Fighting
 + Level 6.2 Ranged Weapons
 - Level 2.4 Dodging
 - Level 1.2 Stealth


You had one spell level left.
You didn't know any spells.
Your spell library was empty.

Inventory:

Hand Weapons
 Y - a +0 shortbow (weapon)
Armour
 c - a +0 leather armour (worn)
Scrolls
 b - a scroll of butterflies
 e - a scroll of enchant armour {unknown}
 f - 2 scrolls of noise {unknown}
 g - a scroll of identify {unknown}
Potions
 a - 2 potions of berserk rage {unknown}
 d - a potion of cancellation {unknown}
 h - a potion of lignification {unknown}
 i - a potion of curing {unknown}

Dungeon Overview and Level Annotations

Branches:
Dungeon (1/15)

Altars:


Message History

An orc comes into view. It is wielding a +0 whip.
Enter note:
Enter note: You shoot an arrow.
The arrow barely misses the orc.
An orc comes into view. It is wielding a +0 club.
You shoot an arrow. The arrow closely misses the orc.
The orc shouts!
You shoot an arrow. The arrow hits the orc.
The orc is lightly wounded.
An orc comes into view. It is wielding a +0 club.
You shoot an arrow. The arrow hits the orc.
The orc is heavily wounded.
The orc hits you with a +0 whip.
You shoot an arrow. The arrow barely misses the orc.
The arrow closely misses the orc.
The arrow barely misses the orc.
A rat comes into view.
The orc hits you with a +0 whip.
You shoot an arrow. The arrow hits the orc.
The orc is almost dead.
The orc hits you with a +0 whip. The orc hits you with a +0 club.
You shoot an arrow. The arrow barely misses the orc.
The orc misses you. The orc hits you with a +0 club.
You shoot an arrow. The arrow hits the orc!
You kill the orc!
The orc closely misses you.
You shoot an arrow. The arrow hits the orc!
You kill the orc!
You shoot an arrow. The arrow barely misses the orc.
The arrow hits the rat.
The rat is heavily wounded.
The orc closely misses you.
You shoot an arrow. The arrow hits the orc.
The orc is almost dead.
The orc hits you with a +0 club.
You shoot an arrow. The arrow closely misses the orc.
The arrow closely misses the rat.
The orc barely misses you.
You shoot an arrow. The arrow hits the orc!
You kill the orc!
The rat bites you.
You die...

#....##.###....#
#....##...#....#
##....###.#....#
##....# #......#
#....# ##.....#
#....# ##....##
#....# #.....##
#....#
#####.)#####
##....# ##@r..)#
.'....# #####..#
##..%.# # ####.#
#.# #####.###
........#
........#
........#


You could see a rat.

Vanquished Creatures
  A worm (D:2)
  4 orcs (D:2)
  An endoplasm (D:2)
  A goblin (D:2)
  A hobgoblin (D:2)
  2 rats (D:1)
10 creatures vanquished.

Notes
Turn   | Place    | Note
-------+----------+-------------------------------------------
     0 | D:1      | qw the Deep Elf Hunter began the quest for the Orb.
     0 | D:1      | Reached XP level 1. HP: 12/12 MP: 3/3
     0 | D:1      | 0 ||| qw: Version: 0.3-a-9-g12657ce
     0 | D:1      | 0 ||| qw: Game counter: 1843
     0 | D:1      | 0 ||| qw: Always use a shield: true
     0 | D:1      | 0 ||| qw: God list: Okawaru
     0 | D:1      | 0 ||| qw: Allow faded altars: false
     0 | D:1      | 0 ||| qw: Do Orc after D:15 true
     0 | D:1      | 0 ||| qw: Do second Lair branch before Depths: true
     0 | D:1      | 0 ||| qw: Lair rune preference: random
     0 | D:1      | 0 ||| qw: Plans: Normal
     0 | D:1      | 0 ||| PLANNING D:1-11
   131 | D:1      | You fall into a shaft and drop 1 floor!
   150 | D:2      | 150 ||| READING scroll labelled HUWYN BUL GIB.
   311 | D:2      | Reached skill level 6 in Ranged Weapons
   311 | D:2      | Reached XP level 2. HP: 16/16 MP: 4/4
   335 | D:2      | HP: 4/16 [orc/+0 club (2)]
   339 | D:2      | HP: 1/16 [orc/+0 club (4)]
   341 | D:2      | Slain by a rat

Levels and vault maps discovered:
D:1:      dpeg_arrival_central, layout_basic, serial_shops, nicolae_diamond_shop
D:2:      layout_basic

Skill      XL: |  1 |
---------------+----+-----
Ranged Weapons | 6 |  6.2
Fighting       | |  1.5
Dodging        | |  2.4
Stealth        | |  1.2

Action                     || total
---------------------------++-------
   Fire: Shortbow          ||    28
    Use: Scroll            ||     1
 Armour: Leather armour    ||     1
  Dodge: Dodged            ||     5

Table legend:
 A = Non-vault XP
 B = Vault XP
 C = Vault XP percentage of total XP
 D = Non-vault monster count
 E = Vault monster count
 F = Vault count percentage of total count
                 A         B        C        D         E       F
            +---------+---------+-------+---------+---------+-------
      Total |      25 |       0 |   0.0 |      10 |       0 |   0.0
            +---------+---------+-------+---------+---------+-------
        D:1 |       2 |       0 |   0.0 |       2 |       0 |   0.0
        D:2 |      23 |       0 |   0.0 |       8 |       0 |   0.0
            +---------+---------+-------+---------+---------+-------
